 Dungeon Crawl Stone Soup version bcrawl-1.28.5 (webtiles) character file.

Game seed: 7310463713167377366

142978 Anonimiaus the Sneak (level 5, -1/32 HPs)
             Began as a Gargoyle Archaeologist on Jan 23, 2021.
             Slain by a leopard gecko (3 damage)
             ... on level 3 of the Dungeon.
             The game lasted 00:05:24 (2718 turns).

Anonimiaus the Sneak (Gargoyle Archaeologist)       Turns: 2718, Time: 00:05:25

Health: -1/32      AC: 13    Str: 17    XL:     5   Next: 55%
Magic:  6/6        EV: 13    Int: 15    God:
Gold:   195        SH:  0    Dex: 15    Spells: 4/4 levels left

rFire    + . .     SeeInvis .   a - +0 whip
rCold    + . .     Gourm    .   (no shield)
rNeg     + . .     Faith    .   c - +1 robe
rPois    ∞         Spirit   .   d - +1 hat
rElec    +         Reflect  .   (no cloak)
rCorr    .         Harm     .   h - +2 pair of gloves "Lanonlit" {rF+ rC+ Str+2 Dex+3}
MR       +....                  i - +1 pair of boots
Stlth    ++........             j - amulet of magic regeneration
HPRegen  0.10/turn              w - ring of protection from magic
MPRegen  0.35/turn              t - +4 ring of dexterity

@: no status effects
A: negative energy resistance 1, electricity resistance, unbreathing,
petrification resistance, rot immunity, AC +4
a: no special abilities


You were on level 3 of the Dungeon.
You were hungry.

You visited 1 branch of the dungeon, and saw 3 of its levels.

You collected 195 gold pieces.

Inventory:

Hand Weapons
 a - a +0 whip (weapon)
 b - a +0 blowgun
Missiles
 f - 6 curare-tipped needles
 p - 43 poisoned tomahawks (quivered)
 u - 57 poisoned needles
Armour
 c - a +1 robe (worn)
 d - a +1 hat (worn)
 h - the +2 pair of gloves "Lanonlit" (worn) {rF+ rC+ Str+2 Dex+3}
   (You acquired it on level 3 of the Dungeon)

   It affects your strength (+2).
   It affects your dexterity (+3).
   It protects you from fire.
   It protects you from cold.
 i - a +1 pair of boots (worn)
 x - a +0 chain mail
Jewellery
 j - an amulet of magic regeneration (around neck)
 k - an uncursed ring of wizardry
 t - a +4 ring of dexterity (right hand)
 v - an uncursed ring of resist corrosion
 w - a ring of protection from magic (left hand)
Scrolls
 g - 2 scrolls of magic mapping
 m - a scroll of immolation {unknown}
 n - a scroll of amnesia {unknown}
 o - a scroll of fog {unknown}
 q - 3 scrolls of identify
 s - 2 scrolls of teleportation {unknown}
Potions
 l - a potion of haste {unknown}
 r - a potion of agility {unknown}
 z - 2 potions of flight
 A - a potion of mutation {unknown}
Comestibles
 e - 7 rations {!d}
 B - 4 chunks of flesh


   Skills:
 + Level 3.3 Fighting
 + Level 3.1 Maces & Flails
 - Level 2.4 Dodging
 - Level 3.6 Stealth
 + Level 2.4 Evocations


You had 4 spell levels left.
You didn't know any spells.
Your spell library was empty.

Dungeon Overview and Level Annotations

Branches:
Dungeon (3/12)

Altars:
Qazlal
Yredelemnul

Annotations:
D:3 1 runed door


Innate Abilities, Weirdness & Mutations

You are resistant to torment.
Your stone body is resilient. (AC +4)
You are immune to poison.
You resist negative energy. (rN+)
You are resistant to electric shocks. (rElec)
You can survive without breathing.
You are immune to petrification.
You are immune to rotting.


Message History

The leopard gecko barely misses you.
The quokka bites you but does no damage.
The giant cockroach misses you. The gnoll hits you with a +0 club!
* * * LOW HITPOINT WARNING * * *
You closely miss the gnoll.
The gnoll is heavily wounded.
The quokka barely misses you. The leopard gecko closely misses you.
The giant cockroach completely misses you.
The gnoll barely misses you.
You barely miss the gnoll.
The gnoll is heavily wounded.
The quokka bites you.
* * * LOW HITPOINT WARNING * * *
The leopard gecko misses you.
The giant cockroach bites you but does no damage.
The gnoll barely misses you.
The quokka bites you but does no damage.
You closely miss the quokka. The giant cockroach closely misses you.
The leopard gecko bites you.
You die...

#.........
#.........
#..####### #..#
#..# ###.####..#
. ..........# ...
###.#####s#.....
......†r@l.......
.........g#......
....#######......
... ..... . .....
.... ....


You could see a gnoll, a leopard gecko, a quokka and a giant cockroach.

Vanquished Creatures
  An orc priest (D:3)
  3 adders (D:3)
  3 oozes
  3 worms
  A dart slug (D:2)
  6 leopard geckos
  5 orcs (D:3)
  A ball python (D:1)
  9 bats
  5 giant cockroaches (D:1)
  6 goblins
  9 hobgoblins
  8 jackals
  A quokka (D:1)
  3 frilled lizards
  8 kobolds
  6 rats
  A spectral orc (D:2)
79 creatures vanquished.

Notes
Turn   | Place    | Note
-------+----------+-------------------------------------------
     0 | D:1      | Anonimiaus the Gargoyle Archaeologist began the quest for
                  | the Orb.
     0 | D:1      | Reached XP level 1. HP: 12/12 MP: 1/1
   265 | D:1      | Reached XP level 2. HP: 14/16 MP: 2/2
   552 | D:1      | Reached skill level 1 in Evocations
   561 | D:1      | Reached XP level 3. HP: 21/21 MP: 3/3
  1512 | D:2      | Reached XP level 4. HP: 21/27 MP: 5/5
  1969 | D:2      | Found a stormy altar of Qazlal.
  2065 | D:2      | Found a faded altar of an unknown god.
  2151 | D:2      | Found a basalt altar of Yredelemnul.
  2451 | D:3      | Reached XP level 5. HP: 29/32 MP: 6/6
  2451 | D:3      | Identified a scroll of acquirement
  2451 | D:3      | Identified the +6 scimitar of Eternal Harmony {flame,
                  | Dex+2} (You acquired it on level 3 of the Dungeon)
  2451 | D:3      | Identified the +2 pair of gloves "Lanonlit" {rF+ rC+ Str+2
                  | Dex+3} (You acquired it on level 3 of the Dungeon)
  2451 | D:3      | Identified the ring "Sopsot Owoa" {rF+ Int+5} (You acquired
                  | it on level 3 of the Dungeon)
  2565 | D:3      | Found a runed door.
  2718 | D:3      | Slain by a leopard gecko

Skill      XL: |  1  2  3  4  5 |
---------------+----------------+-----
Evocations     | 1 2 |  2.4
Fighting       | 2 3 |  3.3
Maces & Flails | 2 3 |  3.1
Dodging        | |  2.4
Stealth        | |  3.6

Action                   |  1- 3 |  4- 6 || total
-------------------------+-------+-------++-------
Melee: Whip              |   197 |   201 ||   398
  Use: Scroll            |       |     2 ||     2
 Stab: Sleeping          |     4 |     6 ||    10
  Eat: Chunk             |     7 |     9 ||    16
Armor: Robe              |   116 |   137 ||   253
Dodge: Dodged            |   187 |   199 ||   386
